 Dungeon Crawl Stone Soup version 0.31.0-11-ge490571c62 (webtiles) character file.

Game seed: 5289599599822207817

24773 Sobieck the Carver (level 12, -15/104 HPs)
             Began as a Demigod Gladiator on Feb 5, 2024.
             Killed from afar by a black draconian knight (25 damage)
             ... with a bolt of lightning
             ... on level 3 of the Abyss.
             The game lasted 00:19:22 (11766 turns).

Sobieck the Carver (Demigod Gladiator)             Turns: 11766, Time: 00:19:23

Health: -15/104    AC:  8    Str: 15    XL:     12   Next: 48%
Magic:  13/15      EV: 30    Int: 10    God:
Gold:   745        SH: 14    Dex: 31    Spells: 11/11 levels left

rFire   . . .        m - +2 scimitar
rCold   . . .        o - +0 kite shield
rNeg    . . .        y - +0 troll leather armour
rPois   .            w - +0 helmet
rElec   .            i - +0 cloak
rCorr   .            (no gloves)
SInv    .            O - +2 pair of boots
Will    +....        A - amulet of the acrobat
Stlth   ++           p - +5 ring of evasion
HPRegen 1.17/turn    z - +5 ring of evasion
MPRegen 0.14/turn

%: acrobat
@: mighty, studying Shields
A: high MP 1, forlorn, divine attributes
a: no special abilities


You were on level 3 of the Abyss.
You visited 1 branch of the dungeon, and saw 12 of its levels.
You visited the Abyss 1 time.
You also visited: Ice Cave.

You collected 1008 gold pieces.
You spent 263 gold pieces at shops.

Inventory:

Hand Weapons
 g - a +1 long sword of protection
 m - a +2 scimitar (weapon)
 L - the +1 mace of the Warrior-Mage {holy, rF+}
   (You found it on level 11 of the Dungeon)

   rF+:       It protects you from fire.
Missiles
 j - 86 stones (quivered)
 k - 35 poisoned darts
 t - 23 boomerangs
 v - a javelin
 F - a curare-tipped dart
 Z - 3 throwing nets
Armour
 b - a +0 leather armour
 h - a +0 pair of boots
 i - a +0 cloak (worn)
 o - a +0 kite shield (worn)
 u - an orb of mayhem
 w - a +0 helmet (worn)
 y - a +0 troll leather armour (worn)
 C - an orb of guile
 N - the +4 ring mail "Geupreqi" {Str+2}
   (You found it on level 11 of the Dungeon)

   Str+2:     It affects your strength (+2).
 O - a +2 pair of boots (worn)
Magical Staves
 f - a staff of cold
 M - a staff of death
Jewellery
 c - a ring of protection from cold
 n - a ring of positive energy
 p - a +5 ring of evasion (left hand)
 z - a +5 ring of evasion (right hand)
 A - an amulet of the acrobat (around neck)
Talismans
 E - the death talisman of Lust {rElec rF+ Str-5 Dex+4}
   (You found it on level 10 of the Dungeon)

   [talisman of death]

   Str-5:     It affects your strength (-5).
   Dex+4:     It affects your dexterity (+4).
   rF+:       It protects you from fire.
   rElec:     It insulates you from electricity.
Wands
 a - a wand of acid (7)
 P - a wand of paralysis (7)
Scrolls
 l - a scroll of noise
 s - 4 scrolls of fog
 x - 3 scrolls of fear
 D - a scroll of amnesia {unknown}
 I - 2 scrolls of poison
 K - a scroll of vulnerability {unknown}
 R - 6 scrolls of identify
 T - 4 scrolls of teleportation
Potions
 d - a potion of lignification
 e - a potion of might
 q - 2 potions of attraction
 r - 2 potions of heal wounds
 B - 2 potions of enlightenment {unknown}
 G - a potion of magic {unknown}
 J - a potion of brilliance {unknown}
 Q - 5 potions of curing
Miscellaneous
 H - a lightning rod (4/4)


   Skills:
 + Level 9.1 Fighting
 - Level 14.0 Long Blades
 - Level 1.7 Throwing
 + Level 9.3 Dodging
 - Level 8.0 Shields


You had 11 spell levels left.
You didn't know any spells.
Your spell library contained the following spells:

 Spells                   Type           Power      Damage    Failure   Level
 Apportation              Tloc           0%         N/A       75%         1
 Foxfire                  Conj/Fire      0%         2x1d4     75%         1
 Kiss of Death            Conj/Necr      0%         2d5       75%         1
 Necrotise                Necr           0%         1d4       75%         1
 Shock                    Conj/Air       0%         1d3       75%         1
 Slow                     Hex            0%         N/A       75%         1
 Blink                    Tloc           0%         N/A       87%         2
 Cigotuvi's Dreadful Rot  Necr/Alch/Air  0%         N/A       87%         2
 Sublimation of Blood     Necr           0%         N/A       87%         2
 Confusing Touch          Hex            0%         N/A       98%         3
 Ozocubu's Armour         Ice            0%         N/A       98%         3
 Sigil of Binding         Hex            0%         N/A       98%         3
 Summon Ice Beast         Ice/Summ       0%         N/A       98%         3
 Swiftness                Air            0%         N/A       98%         3
 Tukima's Dance           Hex            0%         N/A       98%         3
 Vampiric Draining        Necr           0%         2d6       98%         3
 Airstrike                Air            0%         2d(0-16)  100%        4
 Brom's Barrelling Bould  Conj/Erth      0%         2d3       100%        4
 Dimensional Bullseye     Hex/Tloc       0%         N/A       100%        4
 Dispel Undead            Necr           0%         3d6       100%        4
 Ignite Poison            Fire/Alch      0%         N/A       100%        4
 Iskenderun's Mystic Bla  Conj/Tloc      0%         2d3       100%        4
 Petrify                  Alch/Erth      0%         N/A       100%        4
 Vhi's Electric Charge    Tloc/Air       0%         N/A       100%        4
 Arcjolt                  Conj/Air       0%         1d10      100%        5
 Fireball                 Conj/Fire      0%         3d3       100%        5
 Freezing Cloud           Conj/Ice/Air   0%         6-21      100%        5
 Irradiate                Conj/Alch      0%         3d11      100%        5
 Iskenderun's Battlesphe  Conj           0%         2d6       100%        5
 Metabolic Englaciation   Hex/Ice        0%         N/A       100%        5
 Summon Forest            Summ/Tloc      0%         N/A       100%        5
 Summon Mana Viper        Hex/Summ       0%         N/A       100%        5
 Conjure Ball Lightning   Conj/Air       0%         3x3d6     100%        6
 Dispersal                Tloc           0%         N/A       100%        6
 Plasma Beam              Fire/Air       0%         2x1d10    100%        6
 Sculpt Simulacrum        Ice/Alch       0%         N/A       100%        6
 Starburst                Conj/Fire      0%         6d3       100%        6
 Monstrous Menagerie      Summ           0%         N/A       100%        7
 Orb of Destruction       Conj           0%         9d5       100%        7
 Death's Door             Necr           0%         N/A       100%        9


Dungeon Overview and Level Annotations

Branches:
Dungeon (12/15)            Temple (0/1) D:7            Lair (0/5) D:10
    Orc (0/2) D:12          IceCv (visited)

Shops:
D:1 *!:*   D:4 (   D:8 !   D:11 (

Annotations:
D:8 3 runed translucent doors, ProzacElf's ghost, novice TrRe


Innate Abilities, Weirdness & Mutations

You have an increased reservoir of magic. (+10% MP)
You shall have no god before yourself.
Your divine heritage dramatically boosts your attributes as you level up.


Message History

You block the shard of ice.
Unknown command.
You slash the black draconian knight!
The black draconian knight is moderately wounded.
The black draconian knight gestures at you while chanting.
The bolt of cold misses you.
You slash the black draconian knight!
The black draconian knight is heavily wounded.
The black draconian knight completely misses you.
Unknown command.
You slice the black draconian knight!!
The black draconian knight is severely wounded.
You block the black draconian knight's attack.
You hit the black draconian knight.
The black draconian knight is severely wounded.
The black draconian knight breathes lightning at you.
The bolt of lightning misses you.
You block the black draconian knight's attack.
You hear a shout!
You hear a horrible gurgling sound! x2
You barely miss the black draconian knight.
The black draconian knight is severely wounded.
The black draconian knight completely misses you.
The orange demon completely misses you.
You barely miss the black draconian knight.
The black draconian knight is severely wounded.
You block the black draconian knight's attack.
The orange demon barely misses you.
Unknown command.
You barely miss the black draconian knight.
The black draconian knight is severely wounded.
You block the black draconian knight's attack.
You block the orange demon's attack.
You slash the black draconian knight!
The black draconian knight is severely wounded.
You block the black draconian knight's attack.
You block the neqoxec's attack.
The black draconian knight breathes lightning at you.
The bolt of lightning misses you.
You hit the black draconian knight but do no damage.
The black draconian knight is severely wounded.
The orange demon completely misses you. The neqoxec hits you!
* * * LOW HITPOINT WARNING * * *
The black draconian knight points at you and mumbles some strange words.
The shard of ice misses you.
Unknown command.
You slice the black draconian knight!!
The black draconian knight is almost dead.
The black draconian knight breathes lightning at you.
The bolt of lightning hits you!!
You die...

.. ∩.#.# .
.....# ....
...#........
. >##.##
.####.#...
..
##....#...#
. . . ..
....#..### .
.
.#..##.#..##
.. #.
#..#.....#.#
..#...#3...#
.....4q@.# #
..#..#####
.... .#.


You could see a black draconian knight (fast, catching breath), an orange demon
and a neqoxec.

Vanquished Creatures
  A tentacled starspawn (Abyss:3)
  Nessos (D:12)
  6 two-headed ogres (D:11)
  A boulder beetle (D:11)
  3 death yaks (D:10)
  A demonic crawler (Abyss:3)
  An orc knight (D:11)
  5 cyclopes
  3 manticores
  2 centaur zombies (D:9)
  A meliai (D:11)
  3 centaur skeletons (D:9)
  2 gargoyles
  A kobold demonologist (D:10)
  Jeremiah (D:6)
  A komodo dragon (D:11)
  Psyche (D:8)
  3 trolls
  A polar bear (shapeshifter) (D:11)
  A hellwing (D:9)
  3 wraiths
  A spriggan (shapeshifter) (D:11)
  2 wyverns
  Grum (D:10)
  13 yaks
  A vampire mosquito (D:11)
  Menkaure (D:5)
  4 water moccasins
  4 orc warriors
  3 acid dragons
  An ice beast (D:5)
  A sky beast (D:7)
  4 centaurs
  3 wolves (D:10)
  A phantom (D:5)
  5 kobold brigands
  3 bullfrogs
  4 gnoll sergeants
  5 scorpions
  13 wights
  9 killer bees
  2 howler monkeys
  3 hounds
  9 orc priests
  A bombardier beetle (D:5)
  A sleepcap (D:6)
  3 jellies (D:7)
  Ijyb (D:3)
  Natasha (thrice) (D:3)
  2 iguanas
  16 orc wizards
  A wolf simulacrum (IceCv)
  13 gnolls
  10 adders
  3 shadow imps (D:9)
  2 white imps (D:6)
  A ribbon worm (D:2)
  2 dart slugs
  44 orcs
  10 endoplasms
  4 goblins
  2 hobgoblins
  3 jackals (D:1)
  2 quokkas
  8 ball pythons
  3 bats
  2 frilled lizards
  17 kobolds
  4 rats
293 creatures vanquished.

Vanquished Creatures (others)
  A chaos spawn (Abyss:3)
  An orc wizard (D:12)
  A kobold (D:7)
  2 starspawn tentacles (Abyss:3)
5 creatures vanquished.

Grand Total: 298 creatures vanquished

Notes
Turn   | Place    | Note
-------+----------+-------------------------------------------
     0 | D:1      | Sobieck the Demigod Gladiator began the quest for the Orb.
     0 | D:1      | Reached XP level 1. HP: 17/17 MP: 3/3
    16 | D:1      | Found Fusaehaa's General Store.
   144 | D:1      | Reached skill level 3 in Long Blades
   198 | D:1      | Found Giniguw's Distillery.
   215 | D:1      | Reached XP level 2. HP: 23/24 MP: 4/4
   265 | D:1      | Found Xuraul's Assorted Antiques.
   337 | D:1      | Found Hechuzoe's Book Shoppe.
   818 | D:1      | Bought a scroll labelled KESHRU ETUUWNI for 23 gold pieces
   818 | D:1      | Bought a scroll labelled KESHRU ETUUWNI for 23 gold pieces
   970 | D:2      | Reached skill level 4 in Long Blades
   970 | D:2      | Reached XP level 3. HP: 23/29 MP: 5/5
  1083 | D:1      | Bought a potion of curing for 42 gold pieces
  1506 | D:2      | Reached XP level 4. HP: 34/36 MP: 6/6
  1589 | D:3      | Noticed Natasha
  1596 | D:3      | Killed Natasha
  1627 | D:3      | Noticed Natasha
  1632 | D:3      | Killed Natasha
  1633 | D:3      | Reached skill level 5 in Long Blades
  1789 | D:1      | Bought a potion of might for 56 gold pieces
  1892 | D:3      | Noticed Ijyb
  1893 | D:3      | Paralysed by Ijyb for 5 turns
  1902 | D:3      | Paralysed by Ijyb for 3 turns
  1915 | D:3      | Killed Ijyb
  1916 | D:3      | Reached XP level 5. HP: 39/41 MP: 7/7
  2080 | D:3      | Noticed Natasha
  2085 | D:3      | Killed Natasha
  2870 | D:1      | Bought a +0 cloak for 63 gold pieces
  2981 | D:4      | Reached skill level 6 in Long Blades
  3076 | D:4      | Reached XP level 6. HP: 32/48 MP: 8/8
  3171 | D:4      | Found Ixkaafug's Antique Weapon Emporium.
  3515 | D:1      | Bought a scroll of fog for 56 gold pieces
  3628 | D:5      | Entered Level 5 of the Dungeon
  3655 | D:5      | Reached skill level 7 in Long Blades
  3782 | D:5      | Reached XP level 7. HP: 42/53 MP: 9/9
  3960 | D:5      | Reached skill level 8 in Long Blades
  3996 | D:5      | Reached skill level 3 in Dodging
  3996 | D:5      | Reached skill level 1 in Shields
  4077 | D:5      | HP: 2/56 [orc/+0 war axe (4)]
  4701 | D:6      | Noticed Jeremiah
  4704 | D:6      | Noticed Menkaure
  4726 | D:5      | Killed Menkaure
  4820 | D:6      | Killed Jeremiah
  4821 | D:6      | Reached skill level 3 in Fighting
  4821 | D:6      | Reached XP level 8. HP: 9/63 MP: 10/10
  5066 | D:6      | Reached skill level 9 in Long Blades
  5358 | D:6      | Reached skill level 3 in Shields
  6197 | D:7      | Found a staircase to the Ecumenical Temple.
  6231 | D:7      | Got the Papyrus of Disjunct Graupel
  6316 | D:7      | Reached XP level 9. HP: 18/71 MP: 11/11
  6814 | D:7      | Reached skill level 10 in Long Blades
  7474 | D:8      | Noticed Psyche
  7519 | D:8      | Killed Psyche
  7716 | D:8      | Found Ystra's Distillery.
  7870 | D:8      | Found a runed translucent gate.
  7870 | D:8      | Found a runed translucent gate.
  7870 | D:8      | Found a runed translucent gate.
  7872 | D:8      | Noticed ProzacElf's ghost (novice TrRe)
  8412 | D:9      | Reached XP level 10. HP: 81/81 MP: 13/13
  8522 | D:9      | Reached skill level 11 in Long Blades
  8540 | D:9      | Reached skill level 6 in Dodging
  8783 | D:9      | Reached skill level 6 in Fighting
  9128 | D:10     | Entered Level 10 of the Dungeon
  9232 | D:10     | Reached skill level 6 in Shields
  9371 | D:10     | Noticed a death yak
  9394 | D:10     | Killed a death yak
  9395 | D:10     | Reached skill level 12 in Long Blades
  9476 | D:10     | Noticed Grum
  9479 | D:10     | Found a staircase to the Lair.
  9496 | D:10     | Reached XP level 11. HP: 91/91 MP: 14/14
  9506 | D:10     | Killed Grum
  9618 | D:10     | Noticed a death yak
  9620 | D:10     | Noticed a death yak
  9648 | D:10     | Killed a death yak
  9660 | D:10     | Killed a death yak
  9711 | D:10     | Identified the death talisman of Lust {rElec rF+ Str-5
                  | Dex+4}
  9954 | D:11     | Noticed a two-headed ogre
  9965 | D:11     | Killed a two-headed ogre
 10158 | D:11     | Noticed a two-headed ogre
 10169 | D:11     | Killed a two-headed ogre
 10205 | D:11     | Found a frozen archway.
 10216 | IceCv    | Entered an ice cave
 10279 | D:11     | Noticed a two-headed ogre
 10294 | D:11     | Killed a two-headed ogre
 10346 | D:11     | Noticed a boulder beetle
 10346 | D:11     | Noticed a two-headed ogre
 10346 | D:11     | Noticed a two-headed ogre
 10358 | D:11     | Killed a two-headed ogre
 10359 | D:11     | Reached skill level 13 in Long Blades
 10370 | D:11     | Killed a two-headed ogre
 10387 | D:11     | Killed a boulder beetle
 10403 | D:11     | Noticed an orc knight
 10415 | D:11     | Killed an orc knight
 10426 | D:11     | Reached XP level 12. HP: 60/101 MP: 15/15
 10539 | D:11     | Identified the +1 mace of the Warrior-Mage {holy, rF+}
 10542 | D:11     | Got the Commentary on the Gang and Malevolent Ceremonies
 10572 | D:11     | Identified the +4 ring mail "Geupreqi" {Str+2}
 10659 | D:11     | Found Barohem's Weapon Emporium.
 11024 | D:12     | Noticed Nessos
 11189 | D:12     | Killed Nessos
 11468 | D:12     | Found a staircase to the Orcish Mines.
 11601 | D:12     | Reached skill level 14 in Long Blades
 11689 | Abyss:3  | Cast into level 3 of the Abyss (an occultist)
 11713 | Abyss:3  | Noticed a tentacled starspawn
 11729 | Abyss:3  | Reached skill level 9 in Dodging
 11736 | Abyss:3  | Killed a tentacled starspawn
 11737 | Abyss:3  | Reached skill level 9 in Fighting
 11744 | Abyss:3  | Noticed a black draconian knight
 11766 | Abyss:3  | Killed from afar by a black draconian knight

Illustrated notes

Levels and vault maps discovered:
D:1:      orjb1_lava_funnel, layout_loops_cross, serial_shops, shop,
          nicolae_shop_rolling_square, shop, shop, supply_closet_lemuel
D:2:      layout_rooms, basic_altar, chequers_ecumenical_altar_simple,
          serial_bayou_pond_b
D:3:      layout_loops_ring, xom_teletrap_fun, minmay_randomly_rotated_circles,
          uniq_natasha, uniq_ijyb
D:4:      layout_rooms, okawaru_metal_pillars_3, kiku_gazebo_garden_becter,
          serial_shops, nicolae_take_the_stairs, reono_crystal_passage
D:5:      layout_cave_pools, chequers_big_river, nrook_mini_backslash,
          corexii_shack, eino_small_chamber_without_monster, minivault_11,
          kennysheep_generic_room_12
D:6:      layout_loops_corners, nicolae_ossuary_entry_ruins,
          mrwooster_statue_mirror, minmay_misc_feat_tiny,
          nicolae_lava_and_water, uniq_jeremiah, uniq_menkaure
D:7:      layout_basic, nzn_wu_jian_contemplation, mainiacjoe_overflow_alcove_2,
          nicolae_qazlal_scattered_showers, temple_fountains
D:8:      layout_gridville, hangedman_ru_absence, serial_shops,
          nicolae_shop_waterfront, ebering_ghost_rock_garden, uniq_psyche
D:9:      cheibrodos_grave_circle, layout_rooms,
          nicolae_sif_muna_little_library, mainiacjoe_overflow_paths
D:10:     layout_gridville, dpeg_lair_monsters, uniq_grum
D:11:     layout_rooms, portal_ice_cave_entry_pillars_2, serial_shops,
          nicolae_shop_pleasant_corner_grove, serial_library_hellmonk_h_bend,
          minmay_the_grid_square_5x5_3x3_mashed
          [minmay_the_grid_square_5x5_three_small,
          minmay_the_grid_square_5x5_bridge,
          minmay_the_grid_square_5x5_six_small,
          minmay_the_grid_square_5x5_trominoes,
          minmay_the_grid_square_5x5_megaprize_checkered,
          minmay_the_grid_square_5x5_percent, minmay_the_grid_square_5x5_six,
          minmay_the_grid_square_5x5_eight, minmay_the_grid_square_5x5_mess]
D:12:     evilmike_diamond_1, layout_small_grid, hiddenorc1_lemuel,
          serial_library_regret_index_headful, uniq_nessos
Abyss:3:  base:
D:3

Skill      XL: |  1  2  3  4  5  6  7  8  9 10 11 12 |
---------------+-------------------------------------+-----
Long Blades    | 3 4 5 6 7 8 9 10 12 13 14 | 14.0
Fighting       | 3 4 5 6 8 9 |  9.1
Dodging        | 3 4 5 6 8 9 |  9.3
Shields        | 2 3 5 6 7 8 |  8.0
Throwing       | |  1.7

Action                     |  1- 3 |  4- 6 |  7- 9 | 10-12 || total
---------------------------+-------+-------+-------+-------++-------
  Melee: Long sword        |   103 |   145 |    39 |       ||   287
         Punch             |     2 |       |       |       ||     2
         Scimitar          |       |       |   322 |   576 ||   898
  Throw: Stone             |    17 |     6 |     3 |    11 ||    37
         Javelin           |     1 |       |       |     1 ||     2
  Evoke: Wand              |       |     1 |     2 |     2 ||     5
    Use: Scroll            |     2 |     7 |     4 |       ||    13
         Potion            |       |       |     3 |     8 ||    11
   Stab: Sleeping          |       |     2 |     4 |     3 ||     9
         Paralysed         |       |     2 |       |     4 ||     6
         Distracted        |       |       |     1 |     1 ||     2
 Armour: Leather armour    |    64 |    79 |   127 |    18 ||   288
         Troll leather arm |       |       |       |   115 ||   115
  Dodge: Dodged            |    59 |    76 |   211 |   481 ||   827
  Block: Kite shield       |       |    29 |   219 |   458 ||   706
